Map: Orbital Shipyard

Players

MajeStic

  • Race: Protoss Protoss
  • League: Grandmaster

TYTY (TY) - Winner!

  • Race: Terran Terran
  • League: Diamond

Event: DreamHack ROCCAT LotV Championship

VOD

Have the link to the VOD?

Description

Time

  • Played on: Nov. 26, 2015, 3:11 p.m.
  • Length: 10:12

All games in this series

Show
View Real Time Build Order
Export as new Build Order

MajeStic Protoss 

Build Orders: 1 Gate Expand, Blink Stalkers 

Get SALT Encoding   

  12  0:00  Probe (Chrono Boost)  
  13  0:11  Probe (Chrono Boost)  
  14  0:17  Pylon  
  14  0:22  Probe (Chrono Boost)  
  15  0:35  Probe (Chrono Boost)  
  16  0:38  Gateway  
  16  0:41  Assimilator  
  16  0:45  Probe (Chrono Boost)  
  17  0:56  Probe (Chrono Boost)  
  18  1:06  Probe (Chrono Boost)  
  19  1:17  Probe (Chrono Boost)  
  20  1:20  Nexus  
  20  1:31  Cybernetics Core  
  20  1:34  Probe (Chrono Boost)  
  20  1:39  Assimilator  
  21  1:44  Probe (Chrono Boost)  
  22  1:50  Pylon  
  22  1:55  Probe (Chrono Boost)  
  25  2:08  Mothership Core (Chrono Boost)  
  25  2:09  Stalker (Chrono Boost)  
  27  2:17  Warp Gate  
  27  2:26  Probe (Chrono Boost)  
  28  2:31  Probe (Chrono Boost)  
  29  2:37  Probe (Chrono Boost)  
  29  2:38  Stalker (Chrono Boost)  
  29  2:44  Probe (Chrono Boost)  
  33  2:48  Probe (Chrono Boost)  
  33  2:50  Twilight Council  
  34  2:54  Probe (Chrono Boost)  
  35  2:59  Probe (Chrono Boost)  
  35  3:05  Probe (Chrono Boost)  
  37  3:09  Probe (Chrono Boost)  
  37  3:10  Gateway  
  37  3:12  Gateway  
  38  3:15  Probe (Chrono Boost)  
  40  3:20  Probe (Chrono Boost), Blink  
  40  3:24  Pylon  
  40  3:26  Probe (Chrono Boost)  
  41  3:30  Probe (Chrono Boost)  
  42  3:36  Probe (Chrono Boost)  
  42  3:40  Robotics Facility  
  42  3:41  Probe (Chrono Boost)  
  44  3:45  Pylon  
  44  3:47  Probe (Chrono Boost)  
  45  3:51  Probe (Chrono Boost)  
  45  3:52  Assimilator  
  45  3:54  Assimilator  
  46  3:57  Probe (Chrono Boost)  
  46  4:02  Probe (Chrono Boost)  
  48  4:06  Pylon  
  48  4:08  Probe (Chrono Boost)  
  49  4:12  Probe (Chrono Boost)  
  50  4:20  Stalker x3  
  50  4:22  Probe (Chrono Boost)  
  57  4:27  Observer (Chrono Boost)  
  58  4:34  Nexus  
  58  4:36  Pylon  
  58  4:40  Probe x2  
  58  4:43  Sentry x2  
  64  4:46  Observer (Chrono Boost)  
  64  4:48  Pylon  
  64  4:50  Stalker  
  64  4:52  Probe  
  68  5:06  Observer (Chrono Boost)  
  69  5:08  Resonating Glaives  
  69  5:10  Stalker  
  71  5:17  Pylon  
  71  5:19  Stalker x2  
  75  5:26  Forge  
  75  5:33  Forge, Warp Prism (Chrono Boost)  
  77  5:37  Probe x2  
  79  5:46  Probe  
  79  5:49  Probe x2  
  82  5:57  Probe  
  82  5:58  Gateway  
  82  5:59  Gateway  
  82  6:00  Gateway x2, Protoss Ground Weapons Level 1 (Chrono Boost)  
  82  6:03  Probe x2  
  85  6:07  Probe  
  82  6:14  Assimilator  
  82  6:15  Probe x2  
  82  6:18  Protoss Ground Armor Level 1 (Chrono Boost), Assimilator  
  84  6:19  Probe, Observer (Chrono Boost)  
  86  6:28  Pylon  
  86  6:34  Robotics Bay, Robotics Facility  
  86  6:35  Adept x2  
  86  6:36  Adept  
  92  6:43  Pylon  
  92  6:47  Immortal (Chrono Boost)  
  92  6:53  Probe x2  
  98  6:54  Pylon  
  98  6:56  Sentry, Stalker  
  98  6:57  Stalker  
  104  7:03  Adept x3  
  110  7:29  Stalker x6, Colossus  
  124  7:42  Colossus  
  124  7:43  Pylon  
  120  7:58  Adept x3  
  120  7:59  Adept x3  
  124  8:05  Extended Thermal Lance  
  124  8:09  Adept  
  124  8:11  Probe x2  
  127  8:19  Adept x3  
  131  8:20  Adept  
  131  8:24  Pylon  
  133  8:43  Probe x2  
  133  8:46  Adept  
  132  8:52  Pylon  
  132  8:53  Pylon x2  
  131  9:10  Colossus, Pylon  
  131  9:13  Colossus  
  140  9:21  Probe  
  140  9:23  Adept x3  
  140  9:24  Adept  
  141  9:30  Adept x2  
  141  9:31  Adept x2  
  97  10:00  Adept x3  
Show
View Real Time Build Order
Export as new Build Order

TYTY Terran - Winner!

Build Orders: Reaper Expand, MMM Bio 

Get SALT Encoding   

  12  0:00  SCV  
  13  0:12  SCV  
  14  0:19  Supply Depot  
  14  0:24  SCV  
  15  0:41  SCV  
  15  0:42  Barracks  
  16  0:44  Refinery  
  16  0:53  SCV  
  17  1:05  SCV  
  18  1:17  SCV  
  19  1:29  Reaper, Orbital Command  
  20  1:41  Command Center  
  20  1:56  SCV, Supply Depot  
  21  2:01  Barracks Reactor  
  22  2:08  SCV  
  22  2:20  SCV  
  23  2:22  Factory  
  23  2:32  SCV  
  24  2:38  Marine x2  
  26  2:44  SCV  
  26  2:49  Command Center  
  26  2:56  SCV, Orbital Command  
  27  3:00  Marine x2  
  29  3:05  Factory Tech Lab  
  29  3:09  SCV  
  30  3:18  Marine x2  
  32  3:21  SCV  
  32  3:22  SCV  
  34  3:27  Cyclone, Refinery  
  34  3:33  SCV  
  39  3:34  SCV  
  39  3:36  Marine x2  
  41  3:43  Barracks  
  41  3:45  SCV  
  41  3:46  SCV  
  43  3:54  Marine x2  
  45  3:57  Refinery  
  45  3:59  SCV  
  45  4:00  SCV  
  47  4:03  Siege Tank  
  47  4:05  Orbital Command  
  50  4:10  Barracks  
  50  4:12  SCV  
  50  4:13  SCV  
  50  4:15  Marine  
  50  4:16  Marine  
  54  4:24  SCV  
  54  4:25  SCV  
  55  4:32  SCV  
  55  4:33  Barracks Tech Lab  
  55  4:35  Siege Tank  
  59  4:39  SCV x2  
  59  4:40  Supply Depot  
  61  4:51  Engineering Bay  
  61  4:53  Engineering Bay  
  61  4:55  Stimpack  
  61  5:02  SCV x3, Marine  
  61  5:03  Supply Depot  
  61  5:06  Marine  
  66  5:07  Siege Tank  
  66  5:11  Supply Depot  
  66  5:12  Barracks Tech Lab  
  69  5:19  Terran Infantry Weapons Level 1  
  69  5:22  Orbital Command  
  69  5:24  Supply Depot, Refinery  
  69  5:25  SCV x2, Marine x2  
  69  5:26  Terran Infantry Armor Level 1  
  73  5:37  Marauder x2  
  73  5:41  SCV x2  
  78  5:49  SCV  
  78  5:50  Starport  
  78  5:53  SCV  
  78  5:54  Factory Reactor, Marine  
  78  5:55  Marine  
  81  6:00  SCV  
  81  6:01  SCV, Barracks  
  81  6:02  Barracks  
  84  6:04  Missile Turret  
  84  6:05  Supply Depot, Marauder x2  
  84  6:11  SCV  
  85  6:12  SCV  
  85  6:13  SCV  
  85  6:14  Marine x2  
  89  6:23  SCV, Missile Turret  
  89  6:25  SCV  
  92  6:27  Marauder  
  92  6:29  Marauder  
  92  6:30  Refinery  
  92  6:31  Supply Depot  
  96  6:33  Medivac x2  
  96  6:35  SCV  
  96  6:36  Factory Reactor  
  96  6:37  Armory  
  96  6:39  SCV  
  101  6:43  Supply Depot  
  101  6:50  Barracks Reactor  
  101  6:52  Marine  
  101  6:53  SCV, Marauder x3  
  109  7:03  Supply Depot  
  109  7:04  Supply Depot x2  
  109  7:05  Supply Depot, Medivac, SCV x3, Marine  
  109  7:06  Refinery  
  115  7:09  Medivac  
  115  7:10  Marine  
  115  7:14  Marine x2  
  117  7:16  Marine  
  117  7:18  SCV x2  
  117  7:21  Supply Depot  
  116  7:24  Widow Mine x2  
  116  7:31  Marine x2  
  116  7:32  Marauder x2  
  116  7:34  SCV x2, Marauder  
  124  7:46  Medivac x2  
  124  7:47  SCV x2  
  127  7:51  SCV  
  125  7:59  SCV  
  125  8:02  Marauder x2, Marine x3  
  125  8:05  SCV x2  
  135  8:08  Combat Shields  
  135  8:11  Concussive Shells, Widow Mine x2  
  139  8:16  Medivac x2  
  139  8:18  SCV x2  
  139  8:19  SCV  
  143  8:26  Marine  
  150  8:27  Marine, Marauder x3  
  150  8:29  Liberator x2  
  149  8:39  Marine  
  147  8:48  Marauder  
  155  8:53  Marauder x2, Marine x2  
  159  9:02  Marine x2  
  158  9:05  Supply Depot  
  158  9:06  SCV x3  
  158  9:07  Starport  
  161  9:11  Marine x3  
  161  9:14  Marine  
  165  9:26  Marine x2  
  165  9:27  Marauder  
  165  9:29  Marine  
  165  9:30  Marine  
  173  9:35  Marauder  
  172  9:41  Supply Depot  
  172  9:42  Supply Depot  
  172  9:43  Supply Depot  

Tags
 
Add a new tag
Caveats
  • Supply blocks, unpowered buildings, or Contaminate may cause inaccurate times.
  • Supply counts are checked every 10 seconds.